 Dungeon Crawl Stone Soup version 0.29-a0-620-g13ace881f2 (webtiles) character file.

Game seed: 2248838506438060394

97 xian the Skirmisher (level 4, -1/40 HPs)
             Began as a Draconian Fighter on June 18, 2022.
             Slain by a hobgoblin (6 damage)
             ... led by Robin
             ... on level 2 of the Dungeon on June 19, 2022.
             The game lasted 00:05:49 (1513 turns).

xian the Skirmisher (Draconian Fighter)             Turns: 1513, Time: 00:05:50

Health: -1/40      AC:  5    Str: 21    XL:     4   Next: 42%
Magic:  4/4        EV: 12    Int:  8    God:
Gold:   44         SH:  4    Dex: 10    Spells: 3/3 levels left

rFire   . . .      SeeInvis .   a - +0 long sword
rCold   . . .      Faith    .   b - +0 buckler
rNeg    . . .      Spirit   .   (body armour unavailable)
rPois   .          Reflect  .   (helmet restricted)
rElec   .          Harm     .   (no cloak)
rCorr   .          Rampage  .   (no gloves)
Will    .....                   (no boots)
Stlth   +.........              (no amulet)
HPRegen 0.13/turn               (no ring)
MPRegen 0.09/turn               (no ring)

@: mighty
A: AC +5, unfitting armour, cold-blooded
a: no special abilities


You were on level 2 of the Dungeon.
You visited 1 branch of the dungeon, and saw 2 of its levels.

You collected 44 gold pieces.

Inventory:

Hand Weapons
 a - a +0 long sword (weapon)
Armour
 b - a +0 buckler (worn)
Scrolls
 d - 2 scrolls of vulnerability
Potions
 c - 2 potions of might
 e - a potion of flight {unknown}
 f - 2 potions of curing
 g - a potion of ambrosia
 h - 2 potions of mutation {unknown}
 k - a potion of attraction {unknown}


   Skills:
 + Level 3.9 Fighting
 + Level 3.2 Long Blades
 + Level 3.3 Dodging
 + Level 0.4 Stealth
 + Level 3.4 Shields


You had 3 spell levels left.
You didn't know any spells.
Your spell library was empty.

Dungeon Overview and Level Annotations

Branches:
Dungeon (2/15)

Altars:

Annotations:
D:2 Robin


Innate Abilities, Weirdness & Mutations

Your plain brown scales are hard. (AC +5)
You cannot fit into any form of body armour.
You are cold-blooded and may be slowed by cold attacks.


Message History

Unknown command.
You slash the goblin!
You kill the goblin!
The goblin hits you but does no damage. You block the hobgoblin's attack.
The goblin hits you with a +0 dagger.
* * * LOW HITPOINT WARNING * * *
The hobgoblin barely misses you.
Robin roars a battlecry!
The goblins go into a battle-frenzy!
You hear a shout!
You closely miss the goblin. You tail-slap the goblin.
You kill the goblin!
You hear a shout!
The hobgoblin closely misses you.
You slash the goblin!
You kill the goblin!
The hobgoblin hits you.
* * * LOW HITPOINT WARNING * * *
The bat barely misses you. The goblin hits you with a +0 club.
* * * LOW HITPOINT WARNING * * *
The hobgoblin completely misses you.
Things that are here:
a +0 club; a +0 dagger; a goblin corpse You slash the goblin!
You kill the goblin!
The bat hits you but does no damage. The hobgoblin closely misses you.
The bat completely misses you.
You hit Robin.
Robin is moderately wounded.
The bat closely misses you. The hobgoblin closely misses you.
Robin roars a battlecry!
The hobgoblin goes into a battle-frenzy!
The bat hits you but does no damage. You block the hobgoblin's attack.
You block Robin's attack.
You closely miss Robin.
Robin is moderately wounded.
The bat misses you. The bat hits you but does no damage. The bat hits you.
* * * LOW HITPOINT WARNING * * *
Robin hits you but does no damage. The hobgoblin hits you.
You die...

... #. ..... #.#
..... #.#### #'#<#
#....# #.#.. ..
#....# #.#.# #.#
#....# #.#g###.# ..
#....###b#ggg..#
#.##......).@#####.gg
..#......)g.#
#.#.#.......#
#.#.#.......#
#...#.........
##..#..........
#..#..........#
#..#..........#
#..#.......


You could see Robin, 3 hobgoblins, a goblin (strong) and a bat.

Vanquished Creatures
  Jessica (D:2)
  Terence (D:2)
  A worm (D:2)
  A dart slug (D:1)
  An endoplasm (D:1)
  3 giant cockroaches (D:1)
  6 hobgoblins
  4 kobolds (D:1)
  A quokka (D:1)
  3 ball pythons (D:1)
  2 bats (D:1)
  2 frilled lizards (D:1)
  8 goblins
  7 rats (D:1)
41 creatures vanquished.

Vanquished Creatures (others)
  6 plants (D:1)
6 creatures vanquished.

Grand Total: 47 creatures vanquished

Notes
Turn   | Place    | Note
-------+----------+-------------------------------------------
     0 | D:1      | xian the Draconian Fighter began the quest for the Orb.
     0 | D:1      | Reached XP level 1. HP: 19/19 MP: 1/1
   219 | D:1      | Reached XP level 2. HP: 22/26 MP: 2/2
   720 | D:1      | Reached XP level 3. HP: 31/33 MP: 3/3
  1257 | D:2      | Noticed Terence
  1271 | D:2      | Killed Terence
  1488 | D:2      | Noticed Jessica
  1501 | D:2      | Noticed Robin
  1503 | D:2      | Killed Jessica
  1504 | D:2      | Reached XP level 4. HP: 11/40 MP: 4/4
  1513 | D:2      | Slain by a hobgoblin

Illustrated notes

Levels and vault maps discovered:
D:1:      dpeg_arrival_ratfight, layout_basic, serial_bayou,
          serial_bayou_shore_a, serial_bayou_lake_a, serial_bayou_ford_a,
          serial_bayou_lagoon_a
D:2:      layout_basic, shapermc_ecumenical_altar_ellora, grunt_ministairs_13,
          chequers_serial_rivers_micro_c, uniq_terence, uniq_robin, uniq_jessica

Skill      XL: |  1  2  3 |
---------------+----------+-----
Dodging        | 3 |  3.3
Long Blades    | 3 |  3.2
Fighting       | |  3.9
Stealth        | |  0.4
Shields        | |  3.4

Action                   |  1- 3 |  4- 6 || total
-------------------------+-------+-------++-------
Melee: Long sword        |   112 |     9 ||   121
       Tailslap          |    13 |     1 ||    14
  Use: Scroll            |     8 |       ||     8
       Potion            |     1 |       ||     1
Armor: Skin              |    40 |     9 ||    49
Dodge: Dodged            |   105 |    15 ||   120
Block: Buckler           |    32 |     4 ||    36

Table legend: (Time is in decaauts)
 A = Elapsed time spent in this place.
 B = Non-inter-level travel time spent in this place.
 C = Inter-level travel time spent in this place.
 D = Time resting spent in this place.
 E = Time spent auto-exploring this place.
 F = Levels seen in this place.
 G = Mean time per level.
                   A        B        C        D        E       F      G
               +--------+--------+--------+--------+--------+-----+--------+
         Total |   1609 |   1578 |     31 |    143 |    771 |   2 |  804.5 |
       Dungeon |   1609 |   1578 |     31 |    143 |    771 |   2 |  804.5 |
               +--------+--------+--------+--------+--------+-----+--------+

Top non-repeatable levels by time:
     D:1: 1271 daAuts
     D:2: 337 daAuts
